 Dungeon Crawl Stone Soup version 0.29.1-2-gbd0b4ee654 (webtiles) character file.

Game seed: 6151938864034891617

20 hawla the Gusty (level 3, 0/26 HPs)
             Began as a Meteoran Air Elementalist on Dec 1, 2022.
             Killed by their own static electricity (2 damage)
             ... on level 4 of the Dungeon.
             The game lasted 00:01:33 (346 turns).

hawla the Gusty (Meteoran Air Elementalist)          Turns: 346, Time: 00:01:34

Health: 0/26       AC:  2    Str:  9    XL:     3   Next: 14%
Magic:  4/8        EV: 12    Int: 19    God:
Gold:   53         SH:  0    Dex: 14    Spells: 4/7 levels left

rFire   . . .      SeeInvis .   f - staff of earth
rCold   . . .      Faith    .   (no shield)
rNeg    . . .      Spirit   .   a - +0 robe
rPois   .          Reflect  .   (no helmet)
rElec   .          Harm     .   (no cloak)
rCorr   .          Rampage  .   (no gloves)
Will    .....                   (no boots)
Stlth   +.........              (no amulet)
HPRegen 0.08/turn               (no ring)
MPRegen 0.11/turn               (no ring)

@: weakened, glowing
A: sense surroundings 1, otherworldly, glowing, explore regen
a: no special abilities


You were on level 4 of the Dungeon.
You visited 1 branch of the dungeon, and saw 4 of its levels.

You collected 53 gold pieces.

Inventory:

Armour
 a - a +0 robe (worn)
Magical Staves
 f - a staff of earth (weapon)
Scrolls
 c - 4 scrolls of identify {unknown}
 e - 2 scrolls of teleportation {unknown}
Potions
 b - a potion of magic
 d - 2 potions of flight {unknown}


   Skills:
 - Level 2.4 Dodging
 - Level 1.4 Stealth
 - Level 2.8 Spellcasting
 - Level 1.2 Conjurations
 - Level 4.0 Air Magic
 + Level 1.2 Earth Magic
 + Level 1.3 Evocations


You had 4 spell levels left.
You knew the following spells:

 Your Spells              Type           Power      Damage    Failure   Level
a - Shock                 Conj/Air       48%        1d6       5%          1
b - Static Discharge      Conj/Air       12%        3-5/arc   8%          2

Your spell library contained the following spells:

 Spells                   Type           Power      Damage    Failure   Level
 Swiftness                Air            18%        N/A       9%          3
 Airstrike                Air            9%         2d(2-18)  28%         4
 Inner Flame              Hex/Fire       2%         N/A       43%         3
 Cause Fear               Hex            1%         N/A       83%         4
 Discord                  Hex            1%         N/A       100%        8


Dungeon Overview and Level Annotations

Branches:
Dungeon (4/15) Zot: 2053
 Temple: D:4-7

Altars:


Innate Abilities, Weirdness & Mutations

You passively map a small area around you.
You are easily found by Zot.
You glow in the dark.
You regain HP and MP as you explore.


Message History

You feel as though you will be weak longer.
The gnoll bouda hits you with a +0 whip!
* * * LOW HITPOINT WARNING * * *
The gnoll closely misses you. The gnoll misses you.
Your Earth Magic skill increases to level 1!
Your Evocations skill increases to level 1!
You have reached level 3!
Your experience leads to an increase in your attributes!
Increase (S)trength, (I)ntelligence, or (D)exterity?
You feel clever. x3
The gnoll bouda gazes fiercely through you!
You feel as though you will be weak longer.
The gnoll barely misses you.
Things that are here:
a +0 flail; a +0 short sword; a gnoll corpse The gnoll barely misses you.
The gnoll attacks as you move away! The gnoll barely misses you.
The gnoll bouda barks out a call to the hunt!
The gnolls pick up the pace!
There is a stone staircase leading down here.
The gnoll hits you but does no damage. The gnoll barely misses you.
You climb downwards.
Found 13 gold pieces.
There is a stone staircase leading up here.
Casting: Static Discharge (safe; 8% risk of failure)
Confirm with . or Enter, or press ? or * to list all spells.
The gnoll is struck by an arc of lightning.
The gnoll is moderately wounded.
You are struck by an arc of lightning.
The gnoll is struck by an arc of lightning.
The gnoll is heavily wounded.
You are struck by an arc of lightning.
The lightning grounds out.
The gnoll hits you with a +0 flail!
* * * LOW HITPOINT WARNING * * *
Casting: Static Discharge (safe; 8% risk of failure)
Confirm with . or Enter, or press ? or * to list all spells.
The gnoll is struck by an arc of lightning!
You kill the gnoll!
You are struck by an arc of lightning.
You die...

* * , , .$.
* ... * * ,
... **#.# ,
, #.#
.######.####
,
........)..#
* #@# * #.#
* #.# * #.#
* ..#* ,
###*, ** , *
* * ,,


There were no monsters in sight!

Vanquished Creatures
  2 gnolls
  An endoplasm (D:2)
  2 hobgoblins (D:1)
  A ball python (D:2)
  A bat (D:2)
  2 frilled lizards (D:1)
  3 kobolds
  A rat (D:1)
13 creatures vanquished.

Notes
Turn   | Place    | Note
-------+----------+-------------------------------------------
     0 | D:1      | hawla the Meteoran Air Elementalist began the quest for the
                  | Orb.
     0 | D:1      | Reached XP level 1. HP: 14/14 MP: 5/5
    98 | D:1      | Reached XP level 2. HP: 20/20 MP: 0/6
   179 | D:1      | Reached skill level 4 in Air Magic
   222 | D:1      | Learned a level 2 spell: Static Discharge
   339 | D:3      | Reached skill level 1 in Earth Magic
   339 | D:3      | Reached skill level 1 in Evocations
   339 | D:3      | Reached XP level 3. HP: 8/26 MP: 2/8
   346 | D:4      | Killed from afar by themself

Illustrated notes

Levels and vault maps discovered:
D:1:      minmay_arrival_wavy_path, layout_basic
D:2:      layout_basic, basic_altar, kennysheep_generic_room_3
D:3:      wander_river, layout_rooms, ebering_ecumenical_altar_petrified
D:4:      layout_loops_ring, uniq_edmund

Skill      XL: |  1  2 |
---------------+-------+-----
Air Magic      | 4 |  4.0
Earth Magic    | 1 |  1.2
Evocations     | 1 |  1.3
Dodging        | |  2.4
Stealth        | |  1.4
Spellcasting   | |  2.8
Conjurations   | |  1.2

Action                   || total
-------------------------++-------
Melee: Staff             ||     7
 Cast: Shock             ||    13
       Static Discharge  ||     4
Armor: Robe              ||     2
Dodge: Dodged            ||    15
